 Dungeon Crawl Stone Soup version 0.24.1-14-gf8d2b509d9 (webtiles) character file.

Game seed: 690926642512127764, levelgen mode: deterministic

53 sahdkjhfkaj the Skirmisher (level 3, -1/29 HPs)
             Began as a Mummy Monk on Oct 14, 2020.
             Slain by a goblin (4 damage)
             ... on level 2 of the Dungeon.
             The game lasted 00:02:38 (1351 turns).

sahdkjhfkaj the Skirmisher (Mummy Monk)             Turns: 1351, Time: 00:02:39

Health: -1/29      AC:  5    Str: 15    XL:     3   Next: 62%
Magic:  3/3        EV: 13    Int:  9    God:
Gold:   33         SH:  0    Dex: 14    Spells: 2/2 levels left

rFire    x . .     SeeInvis .   a - +0 spear
rCold    + . .     Gourm    .   (no shield)
rNeg     + + +     Faith    .   b - +0 robe
rPois    ∞         Spirit   .   g - +1 helmet
rElec    .         Reflect  .   c - +0 cloak
rCorr    .         Harm     .   (no gloves)
MR       .....                  (no boots)
Stlth    ++........             (no amulet)
HPRegen  0.09/turn              (no ring)
MPRegen  0.08/turn              (no ring)

@: no status effects
A: no food or potions, fire vulnerability, cold resistance 1, negative energy
resistance 3, torment resistance, unbreathing
a: no special abilities


You were on level 2 of the Dungeon.
You were not hungry.

You visited 1 branch of the dungeon, and saw 2 of its levels.

You collected 33 gold pieces.

Inventory:

Hand Weapons
 a - a +0 spear (weapon)
Missiles
 d - 47 stones (quivered)
Armour
 b - a +0 robe (worn)
 c - a +0 cloak (worn)
 g - a +1 helmet (worn)
Scrolls
 f - a scroll of enchant weapon


   Skills:
 - Level 3.0 Fighting
 - Level 2.4 Polearms
 + Level 2.2 Armour
 - Level 2.4 Dodging
 - Level 2.3 Stealth


You had 2 spell levels left.
You didn't know any spells.
Your spell library was empty.

Dungeon Overview and Level Annotations

Branches:
Dungeon (2/15)

Altars:
Kikubaaqudgha
Okawaru
Uskayaw


Innate Abilities, Weirdness & Mutations

You do not eat or drink.
Your flesh is vulnerable to fire.
You are immune to poison.
Your flesh is cold resistant. (rC+)
You are immune to negative energy. (rN+++)
You are immune to unholy pain and torment.
You can survive without breathing.


Message History

The orc is lightly wounded.
The goblin splashes around in the water.
The orc closely misses you.
The goblin splashes around in the water.
You hit the orc.
The orc is heavily wounded.
The goblin splashes around in the water.
The orc hits you but does no damage. The goblin misses you.
You hit the orc.
You kill the orc!
You hear a splash.
The goblin splashes around in the water. x2
You enter the shallow water.
Moving in this stuff is going to be slow.
The goblin hits you but does no damage. The goblin barely misses you.
The goblin hits you.
* * * LOW HITPOINT WARNING * * *
You see here 3 stones.
The goblin barely misses you. The goblin hits you.
You die...

.#
#....†.........#.#.#.#####
.# #......###.###.#...#.#
#####.....# #.# #.#..<#.#
........# #(#########.#
.....#### #(#.#.#.##..#
..... #(#§§§§≈≈#### .....
#(§§§§§.$_# ....
#.#g§g§≈≈# ... ...##@#§#.#
.....#### # #......#
#...##.# ##.. #.# #. ..


You could see 2 goblins.

Vanquished Creatures
  An adder (D:2)
  A dart slug (D:2)
  2 leopard geckos (D:1)
  3 orcs (D:2)
  3 giant cockroaches
  2 goblins
  5 hobgoblins
  4 jackals (D:2)
  5 bats
  4 kobolds
  5 rats (D:1)
35 creatures vanquished.

Notes
Turn   | Place    | Note
-------+----------+-------------------------------------------
     0 | D:1      | sahdkjhfkaj the Mummy Monk began the quest for the Orb.
     0 | D:1      | Reached XP level 1. HP: 18/18 MP: 1/1
   394 | D:1      | Reached XP level 2. HP: 22/24 MP: 2/2
   558 | D:1      | You fall into a shaft and drop 1 floor!
   612 | D:1      | Reached skill level 1 in Armour
  1121 | D:2      | Found an ancient bone altar of Kikubaaqudgha.
  1121 | D:2      | Found a hide-covered altar of Uskayaw.
  1159 | D:2      | Reached XP level 3. HP: 29/29 MP: 3/3
  1317 | D:2      | Found an iron altar of Okawaru.
  1351 | D:2      | Slain by a goblin

Levels and vault maps discovered:
D:1:      sevenhm_arrival_forest_fort_large_3, layout_basic
D:2:      layout_basic, okawaru_altar_gauntlet_db,
          gammafunk_temple_overflow_elements

Skill      XL: |  1  2  3 |
---------------+----------+-----
Stealth        | 2 |  2.3
Armour         | 1 2 |  2.2
Fighting       | |  3.0
Polearms       | |  2.4
Dodging        | |  2.4

Action                   || total
-------------------------++-------
Melee: Spear             ||   149
Throw: Stone             ||     4
  Use: Scroll            ||     2
 Stab: Sleeping          ||     6
Armor: Robe              ||    43
Dodge: Dodged            ||    95
